 Dungeon Crawl Stone Soup version 0.24.0-13-gcf9b319 (webtiles) character file.

Game seed: 4996583161187455529, levelgen mode: deterministic

1705 operationiv the Cleaver (level 8, -3/71 HPs)
             Began as a Minotaur Gladiator on Nov 11, 2019.
             Was a Believer of Makhleb.
             Slain by a yak (10 damage)
             ... on level 7 of the Dungeon.
             The game lasted 00:05:28 (3951 turns).

operationiv the Cleaver (Minotaur Gladiator)        Turns: 3951, Time: 00:05:29

Health: -3/71      AC: 14    Str: 20    XL:     8   Next: 73%
Magic:  9/9        EV:  4    Int:  5    God:    Makhleb [**....]
Gold:   197        SH:  0    Dex: 13    Spells: 7/7 levels left

rFire    + . .     SeeInvis .   a - +0 war axe
rCold    + . .     Gourm    .   (no shield)
rNeg     . . .     Faith    .   k - +0 gold dragon scales
rPois    +         Spirit   .   c - +0 hat
rElec    .         Reflect  .   (no cloak)
rCorr    .         Harm     .   (no gloves)
MR       .....                  (no boots)
Stlth    ..........             (no amulet)
HPRegen  0.21/turn              (no ring)
MPRegen  0.11/turn              (no ring)

@: hasted, very quick
A: retaliatory headbutt, horns 2
a: Minor Destruction, Renounce Religion


You were on level 7 of the Dungeon.
You worshipped Makhleb.
Makhleb was pleased with you.
You were not hungry.

You visited 2 branches of the dungeon, and saw 7 of its levels.
You also visited: Ossuary.

You collected 197 gold pieces.

Inventory:

Hand Weapons
 a - a +0 war axe (weapon)
 z - a +0 war axe
   (You took it off an orc on level 6 of the Dungeon)
Missiles
 d - 3 throwing nets {=f, !d}
Armour
 b - a +0 leather armour
 c - a +0 hat (worn)
 k - +0 gold dragon scales (worn)
   (You found it on level 2 of the Dungeon)
 q - a +0 pair of boots
   (You found it on level 5 of the Dungeon)
 y - a +0 pair of gloves
   (You found it on level 6 of the Dungeon)
Jewellery
 m - a +2 ring of slaying {unknown}
   (You found it on level 4 of the Dungeon)
 x - a +4 amulet of reflection {unknown}
   (You found it on level 6 of the Dungeon)
Wands
 l - a wand of iceblast (7)
   (You found it on level 4 of the Dungeon)
Scrolls
 e - a scroll of magic mapping {unknown}
 g - 5 scrolls of teleportation {unknown}
 h - 6 scrolls of identify {unknown}
 j - 2 scrolls of immolation {unknown}
 n - 2 scrolls of remove curse {unknown}
 r - a scroll of enchant armour {unknown}
 t - a scroll of noise {unknown}
Potions
 i - 2 potions of flight
 o - a potion of heal wounds {unknown}
 p - 2 potions of berserk rage {!q}
 s - a potion of haste
 u - 2 potions of experience {unknown}
 v - a potion of degeneration {unknown}
 w - a potion of curing {unknown}
Comestibles
 f - 4 rations


   Skills:
 + Level 6.9 Fighting
 * Level 9.9 Axes
 - Level 2.0 Throwing
 + Level 4.8 Armour
 - Level 3.2 Dodging
 + Level 3.9 Invocations


You had 7 spell levels left.
You didn't know any spells.
Your spell library was empty.

Dungeon Overview and Level Annotations

Branches:
Dungeon (7/15)             Temple (1/1) D:4         Ossuary (visited)

Altars:
Ashenzari
Cheibriados
Dithmenos
Elyvilon
Fedhas
Gozag
Hepliaklqana
Kikubaaqudgha
Makhleb
Nemelex Xobeh
Okawaru
Qazlal
Ru
Sif Muna
Trog
Uskayaw
Vehumet
Wu Jian
Xom
Yredelemnul
Zin
The Shining One

Shops:
D:4 *

Annotations:
D:6 1 runed translucent door, Forgeling's ghost, novice MiFE


Innate Abilities, Weirdness & Mutations

You reflexively headbutt those who attack you in melee.
You have a pair of horns on your head.


Message History

a +0 ring mail; an orc corpse You closely miss the crimson imp.
Your headbutt misses the crimson imp.
Your gold dragon scales prevents you from hitting the orc.
You slash the orc!
You kill the orc!
Makhleb accepts your kill.
You feel better. The crimson imp hits you.
The sky beast flickers out of sight!
Deactivating autopickup; reactivate with Ctrl-A.
Your gold dragon scales prevents you from hitting the crimson imp.
You hit the yak but do no damage. You hit the orc wizard.
The crimson imp hits you but does no damage.
The orc wizard hits you but does no damage.
You take 2 damage, and have 69/71 hp.
You miss the crimson imp. Your headbutt misses the crimson imp.
You hit the orc. You barely miss the yak.
You hit the orc wizard but do no damage.
The crimson imp hits you but does no damage.
The yak gores you. The orc wizard casts a spell at you.
The puff of flame hits you. You resist. The orc hits you but does no damage.
You take 4 damage, and have 65/71 hp.
You closely miss the crimson imp. You headbutt the crimson imp!
You kill the crimson imp!
Makhleb accepts your kill.
You feel better.
You hit the orc. You closely miss the yak. You hit the orc wizard.
The yak gores you.
The orc wizard hits you but does no damage.
The orc hits you but does no damage.
You closely miss the orc wizard. You slash the orc!
You kill the orc!
Makhleb accepts your kill.
You slash the yak! The yak gores you but does no damage.
The orc wizard gestures at you while chanting.
The magic dart hits you. The orc barely misses you.
Your gold dragon scales prevents you from hitting the yak.
You closely miss the orc. You hit the orc wizard.
The orc hits you but does no damage.
The orc wizard hits you but does no damage.
You hit the orc wizard. Your headbutt misses the orc wizard.
You hit the orc but do no damage. You hit the yak but do no damage.
The orc hits you but does no damage. The orc closely misses you.
You furiously retaliate!
You headbutt the orc!
You kill the orc!
Makhleb accepts your kill.
You feel better.
The orc wizard hits you with a +0 dagger.
You take 3 damage, and have 62/71 hp.
Your gold dragon scales prevents you from hitting the orc wizard.
You slash the yak! You barely miss the yak. The orc completely misses you.
The yak barely misses you.
The orc wizard casts a spell.
The orc wizard flickers and vanishes!
The yak gores you!
A sky beast appears from thin air!
Reactivating autopickup.
You take 10 damage, and have 52/71 hp.
You hit the yak.
Your gold dragon scales prevents you from hitting something.
You hit the yak but do no damage. The orc barely misses you. The yak gores you!
You hear some strange, mumbled words.
A puff of flame appears from out of thin air!
Deactivating autopickup; reactivate with Ctrl-A.
The puff of flame hits you. You resist. The yak gores you!
You are too injured to fight recklessly!
You are too injured to fight recklessly!
You take 21 damage, and have 31/71 hp.
MASSIVE DAMAGE!!
Okay, then.
You hit the yak. You headbutt the yak. You hit the orc but do no damage.
You closely miss the yak. You hit something but do no damage. You hit the yak.
The sky beast flickers out of sight!
The orc hits you but does no damage. The yak gores you!
* * * LOW HITPOINT WARNING * * *
The orc barely misses you. The yak gores you but does no damage.
Something hits you.
* * * LOW HITPOINT WARNING * * *
The yak gores you but does no damage.
You take 13 damage, and have 18/71 hp.
Unknown command.
You hit the yak. You headbutt the yak, but do no damage. You hit the yak.
You closely miss something. You hit the yak but do no damage.
Your gold dragon scales prevents you from hitting the orc.
The yak gores you.
* * * LOW HITPOINT WARNING * * *
The orc hits you but does no damage. x2; The yak gores you but does no damage.
You hear some strange, mumbled words.
Something tries to affect you, but you resist.
The yak completely misses you. You furiously retaliate!
You headbutt the yak!
You take 5 damage, and have 13/71 hp.
Unknown command.
You hit the yak. Your headbutt misses the yak.
Your gold dragon scales prevents you from hitting the orc.
You barely miss the yak. You closely miss something. You hit the yak.
The yak gores you but does no damage. The yak gores you!
* * * LOW HITPOINT WARNING * * *
Something hits you but does no damage. The orc hits you but does no damage.
The orc barely misses you. The yak gores you but does no damage.
You take 7 damage, and have 6/71 hp.
Unknown command.
It was a potion of haste.
You feel yourself speed up. The yak gores you!
You die...

..#. ...## . #...#
.. )..# ... #..##
.... # ...#.....
.##.#######oY......
.........##@Yo.....
...........Y{......
#####.<.........##
#..##..#....... #.#
#.......... ...
....#...... ...
...........> .....
.###.###..... ....
### #...


You could see 3 yaks and 2 orcs.

Vanquished Creatures
  The ghost of Burgerman5000 the Magician, a novice DEVM (D:5)
  An ogre (D:4)
  A centaur (D:6)
  An elf zombie (Ossuary)
  2 bullfrogs
  4 scorpions
  A centaur zombie (Ossuary)
  4 crimson imps
  2 bullfrog zombies (D:5)
  3 human zombies (Ossuary)
  A hound (D:5)
  A jelly (D:6)
  An orc priest (D:6)
  2 centaur skeletons
  3 orc wizards
  3 worker ants
  A big kobold zombie (Ossuary)
  5 hound zombies (Ossuary)
  3 mummies (Ossuary)
  7 adders
  An adder skeleton (D:4)
  4 adder zombies (Ossuary)
  A worm (D:5)
  A leopard gecko (D:5)
  17 orcs
  A ball python (D:2)
  2 giant cockroaches (D:1)
  3 gnoll zombies (Ossuary)
  6 hobgoblins
  5 bats (D:1)
  2 frilled lizards (D:1)
  2 goblins
  2 goblin zombies (Ossuary)
  2 hobgoblin zombies (Ossuary)
  4 jackal zombies (Ossuary)
  3 kobolds (D:1)
  2 kobold zombies (Ossuary)
  A quokka skeleton (D:6)
  4 quokka zombies (Ossuary)
  6 rats
  4 rat zombies (Ossuary)
120 creatures vanquished.

Notes
Turn   | Place    | Note
-------+----------+-------------------------------------------
     0 | D:1      | operationiv the Minotaur Gladiator began the quest for the
                  | Orb.
     0 | D:1      | Reached XP level 1. HP: 18/18 MP: 0/0
   107 | D:1      | Reached skill level 4 in Axes
   144 | D:1      | Reached XP level 2. HP: 19/25 MP: 1/1
   444 | D:1      | Reached skill level 3 in Fighting
   589 | D:2      | Reached XP level 3. HP: 18/31 MP: 2/2
   936 | D:2      | Found an opulent altar of Gozag.
   990 | D:2      | You fall into a shaft and drop 2 floors!
   991 | D:4      | Found a staircase to the Ecumenical Temple.
   995 | D:4      | Noticed an ogre
  1002 | D:4      | HP: 5/31 [ogre/cursed -2 giant club (9)]
  1003 | D:4      | Killed an ogre
  1003 | D:4      | Reached skill level 4 in Fighting
  1003 | D:4      | Reached skill level 6 in Axes
  1003 | D:4      | Reached XP level 4. HP: 7/40 MP: 3/3
  1011 | Temple   | Entered the Ecumenical Temple
  1054 | Temple   | Became a worshipper of Makhleb the Destroyer
  1268 | D:4      | Reached XP level 5. HP: 44/46 MP: 4/4
  1294 | D:4      | Found Saoch's Assorted Antiques.
  1465 | D:4      | Reached skill level 7 in Axes
  1465 | D:4      | Reached XP level 6. HP: 51/55 MP: 5/5
  1724 | D:4      | Found a shimmering blue altar of Sif Muna.
  1724 | D:4      | Found a shadowy altar of Dithmenos.
  1730 | D:4      | Found a shattered altar of Ashenzari.
  1732 | D:4      | Found a bloodstained altar of Trog.
  1734 | D:4      | Found a hazy altar of Hepliaklqana.
  1833 | D:4      | Found an ancient bone altar of Kikubaaqudgha.
  1836 | D:4      | Found a blossoming altar of Fedhas.
  1886 | D:5      | Entered Level 5 of the Dungeon
  1913 | D:5      | Found a basalt altar of Yredelemnul.
  1925 | D:5      | Reached skill level 1 in Armour
  1940 | D:5      | Found a hide-covered altar of Uskayaw.
  1942 | D:5      | Noticed a +0 dagger
  1942 | D:5      | Noticed a +0 dagger
  1952 | D:5      | Reached skill level 5 in Fighting
  2039 | D:5      | Reached skill level 1 in Invocations
  2172 | D:5      | Reached skill level 2 in Armour
  2172 | D:5      | Reached XP level 7. HP: 59/61 MP: 5/7
  2318 | D:5      | Found a runed translucent gate.
  2318 | D:5      | Found a runed translucent gate.
  2349 | D:5      | Found an ornate altar of the Wu Jian Council.
  2372 | D:5      | Reached skill level 8 in Axes
  2519 | D:5      | Found a runed translucent gate.
  2521 | D:5      | Noticed Burgerman5000's ghost (novice DEVM)
  2548 | D:5      | Reached skill level 2 in Invocations
  2565 | D:5      | Killed Burgerman5000's ghost
  2565 | D:5      | Reached skill level 3 in Armour
  2753 | D:6      | Reached skill level 6 in Fighting
  2753 | D:6      | Reached XP level 8. HP: 35/70 MP: 7/9
  2760 | D:6      | Found a sand-covered staircase.
  2839 | Ossuary  | Entered an ossuary
  2927 | Ossuary  | Reached * piety under Makhleb
  2982 | Ossuary  | Reached skill level 9 in Axes
  3161 | Ossuary  | Reached skill level 3 in Invocations
  3209 | Ossuary  | Reached skill level 4 in Armour
  3211 | Ossuary  | Reached ** piety under Makhleb
  3330 | D:6      | Found a runed translucent door.
  3332 | D:6      | Found a white marble altar of Elyvilon.
  3332 | D:6      | Found a shimmering altar of Xom.
  3523 | D:6      | Found a stormy altar of Qazlal.
  3735 | D:6      | Noticed Forgeling's ghost (novice MiFE)
  3949 | D:7      | HP: 13/71 [yak (5)]
  3950 | D:7      | HP: 6/71 [yak (7)]
  3951 | D:7      | Slain by a yak

Levels and vault maps discovered:
D:1:      dpeg_arrival_arbitrary_b, layout_basic
D:2:      layout_loops_ring, nicolae_overflow_crystal_walls, uniq_natasha
D:4:      layout_loops_ring, grunt_temple_overflow_growth_and_decay,
          chequers_temple_overflow_minitemple, minmay_temple_entry_mini_moons,
          first_ration, serial_shops, shop
D:5:      layout_loops_cross, dancing_weapons_uskayaw,
          yredelemnul_altar_generic, marbit_many_paths,
          gammafunk_ghost_necromancy
D:6:      layout_basic, chequers_temple_overflow_statue_of_worship,
          ebering_ghost_reflecting_pool, enter_ossuary_2, grunt_qazlal_clouds
D:7:      layout_rooms, gammafunk_ghost_hive
Temple:   jpeg_temple_island

Skill      XL: |  1  2  3  4  5  6  7  8 |
---------------+-------------------------+-----
Axes           | 4 6 7 8 9 |  9.9
Fighting       | 3 4 5 6 |  6.9
Armour         | 2 3 4 |  4.8
Invocations    | 1 2 3 |  3.9
Throwing       | |  2.0
Dodging        | |  3.2

Action                   |  1- 3 |  4- 6 |  7- 9 || total
-------------------------+-------+-------+-------++-------
Melee: War axe           |    56 |    82 |   261 ||   399
       Headbutt          |     6 |    15 |    40 ||    61
  Use: Potion            |       |       |     4 ||     4
  Eat: Chunk             |       |     4 |       ||     4
       Ration            |       |       |     2 ||     2
Armor: Leather armour    |    14 |       |       ||    14
       Gold dragon scale |     6 |    59 |   177 ||   242
       Skin              |       |       |    42 ||    42
Dodge: Dodged            |    31 |     2 |    41 ||    74

Levels and vault maps discovered:
D:1:      dpeg_arrival_arbitrary_b, layout_basic
D:2:      layout_loops_ring, nicolae_overflow_crystal_walls, uniq_natasha
D:4:      layout_loops_ring, grunt_temple_overflow_growth_and_decay,
          chequers_temple_overflow_minitemple, minmay_temple_entry_mini_moons,
          first_ration, serial_shops, shop
D:5:      layout_loops_cross, dancing_weapons_uskayaw,
          yredelemnul_altar_generic, marbit_many_paths,
          gammafunk_ghost_necromancy
D:6:      layout_basic, chequers_temple_overflow_statue_of_worship,
          ebering_ghost_reflecting_pool, enter_ossuary_2, grunt_qazlal_clouds
D:7:      layout_rooms, gammafunk_ghost_hive
Temple:   jpeg_temple_island

Table legend:
 A = Turns spent in this place as a percentage of turns spent in the entire game.
 B = Non-inter-level travel turns spent in this place as a percentage of non-inter-level travel turns spent in the entire game.
 C = Inter-level travel turns spent in this place as a percentage of turns spent in this place.
 D = Turns resting spent in this place as a percentage of non-inter-level travel turns spent in this place.
 E = Turns spent auto-exploring this place as a percentage of non-inter-level travel turns spent in this place.
 F = Non-inter-level travel turns spent in this place divided by the number of levels of this place that you've seen.
                   A       B       C       D       E      F
               +-------+-------+-------+-------+-------+----------------------
         Total | 100.0 | 100.0 |   2.4 |  18.2 |  61.3 | 482.0
       Dungeon |  82.1 |  82.3 |   2.2 |  16.1 |  65.2 | 529.2
        Temple |   5.5 |   5.0 |  11.5 |   0.0 |  93.2 | 192.0
       Ossuary |  12.4 |  12.7 |   0.0 |  38.7 |  23.1 | 489.0
               +-------+-------+-------+-------+-------+----------------------

Table legend:
 A = Kills in this place as a percentage of kills in entire the game.
 B = Kills by you in this place as a percentage of kills by you in the entire game.
 C = Kills by friends in this place as a percentage of kills by friends in the entire game.
 D = Other kills in this place as a percentage of other kills in the entire game.
 E = Experience gained in this place as a percentage of experience gained in the entire game.
 F = Experience gained in this place divided by the number of levels of this place that you have seen.
                   A       B       C       D       E      F
               +-------+-------+-------+-------+-------+----------------------
         Total | 100.0 | 100.0 |   N/A |   N/A | 100.0 | 304.6
       Dungeon |  67.5 |  67.5 |   N/A |   N/A |  79.3 | 322.2
       Ossuary |  32.5 |  32.5 |   N/A |   N/A |  20.7 | 504.0
               +-------+-------+-------+-------+-------+----------------------
